 Dungeon Crawl Stone Soup version 0.27-a0-652-g2d5cf1dcd3 (webtiles) character file.

Game seed: 6691292706191312202

188 Johnny the Magician (level 5, -2/32 HPs)
             Began as a Deep Elf Earth Elementalist on Mar 16, 2021.
             Killed by divine providence
             ... invoked by an orc priest
              (15 damage)
             ... on level 3 of the Dungeon.
             The game lasted 00:01:52 (2452 turns).

Johnny the Magician (Deep Elf Earth Elementalist)   Turns: 2452, Time: 00:01:52

Health: -2/32      AC:  3    Str:  5    XL:     5   Next: 39%
Magic:  12/13      EV: 12    Int: 21    God:
Gold:   108        SH:  0    Dex: 15    Spells: 12/13 levels left

rFire    . . .     SeeInvis .   i - +1 dagger (venom)
rCold    . . .     Faith    .   (no shield)
rNeg     . . .     Spirit   .   c - +0 robe
rPois    .         Reflect  .   (no helmet)
rElec    .         Harm     .   (no cloak)
rCorr    .         Rampage  .   (no gloves)
Will     +....                  e - +0 pair of boots
Stlth    ++........             (no amulet)
HPRegen  0.10/turn              j - ring of willpower
MPRegen  0.13/turn              (no ring)

@: no status effects
A: no striking features
a: no special abilities


You were on level 3 of the Dungeon.
You visited 1 branch of the dungeon, and saw 3 of its levels.

You collected 108 gold pieces.

Inventory:

Hand Weapons
 a - a +0 spear
 i - a +1 dagger of venom (weapon)
Missiles
 b - 24 stones
Armour
 c - a +0 robe (worn)
 e - a +0 pair of boots (worn)
 r - a +0 cloak
Jewellery
 j - a ring of willpower (right hand)
Scrolls
 f - 2 scrolls of teleportation {unknown}
 k - a scroll of enchant armour {unknown}
 m - a scroll of immolation {unknown}
 n - a scroll of identify {unknown}
 p - 2 scrolls of fog {unknown}
Potions
 d - 3 potions of berserk rage {unknown}
 g - a potion of attraction {unknown}
 h - a potion of magic {unknown}
 l - a potion of invisibility {unknown}
 o - a potion of haste {unknown}
 q - 2 potions of mutation {unknown}


   Skills:
 * Level 3.0 Fighting
 - Level 2.4 Dodging
 - Level 2.4 Stealth
 + Level 4.5 Spellcasting
 - Level 1.1 Transmutations
 + Level 4.3 Earth Magic


You had 12 spell levels left.
You knew the following spells:

 Your Spells              Type           Power      Damage    Failure   Level
a - Sandblast             Erth           46%        2d11      1%          1

Your spell library contained the following spells:

 Spells                   Type           Power      Damage    Failure   Level
 Passwall                 Tmut/Erth      13%        N/A       5%          2
 Stone Arrow              Conj/Erth      26%        3d8       14%         3
 Petrify                  Tmut/Erth      16%        N/A       36%         4
 Lee's Rapid Deconstruct  Erth           11%        3d9*      45%         5


Dungeon Overview and Level Annotations

Branches:
Dungeon (3/15)

Altars:
Trog


Message History

The blast of sand hits Natasha!
You kill Natasha!
Natasha screams in fury as she dies!
Your Fighting skill increases to level 3!
Found a rapier.
b - 25 stones (gained 2)
You see here a kobold corpse.
An orc warrior comes into view. It is wielding a +0 trident.
An orc warrior is nearby!
An orc warrior is nearby!
An orc priest comes into view. It is wielding a +0 flail.
Casting: Sandblast (safe; 1% risk of failure)
Confirm with . or Enter, or press ? or * to list all spells.
Aiming: Sandblast (safe; 1% risk of failure)
Press: ? - help, Shift-Dir - straight line, f - orc warrior
Aim: an orc warrior, wielding a +0 trident and wearing a +0 plate armour (wandering, hasn't noticed you, 19% to evade)
The blast of sand hits the orc warrior but does no damage.
The orc warrior shouts!
A bat comes into view.
An orc priest comes into view.
It is wielding a +0 short sword of protection.
Unknown command.
Unknown command.
An orc comes into view. It is wielding a +0 mace.
The bat closely misses you. The bat hits you.
You aren't carrying any items that you can evoke without wielding.
Unknown command.
The bat barely misses you. The bat misses you.
Okay, then.
The bat closely misses you.
A bat and a worm come into view.
The bat hits you.
Found a pair of boots.
The bat barely misses you.
The orc warrior hits you from afar with a +0 trident!
Ouch! That really hurt!
The bat hits you but does no damage.
The orc priest mumbles some strange prayers to Beogh against you.
Beogh smites you!
You die...

#..# #........###....#
#..# #..........##....#
#..# #..........##....#
##.#####..........##....#
#>....#..........# #####
#####†#.######...# #.#.#
#...# #.#.# #.b.#######
#.#.######.@.......#
#.#†.o.o.o.........#
#..†.########......#
####.......# ......#
#.........# ......#
#o##......# ...b..# #.
#..b(..# ...[w.# #
#......# ......# #o..)..+
...####


You could see an orc warrior, a worm (asleep), 2 orc priests and 2 bats.

Vanquished Creatures
  An orc priest (D:3)
  Jessica (D:3)
  Natasha (D:3)
  5 adders (D:2)
  2 worms (D:2)
  5 leopard geckos
  2 orcs (D:3)
  7 bats
  2 giant cockroaches (D:1)
  5 goblins
  10 hobgoblins
  3 frilled lizards
  8 kobolds
  4 rats (D:1)
56 creatures vanquished.

Notes
Turn   | Place    | Note
-------+----------+-------------------------------------------
     0 | D:1      | Johnny the Deep Elf Earth Elementalist began the quest for
                  | the Orb.
     0 | D:1      | Reached XP level 1. HP: 10/10 MP: 6/6
   213 | D:1      | Reached XP level 2. HP: 16/16 MP: 8/8
   478 | D:1      | Reached skill level 1 in Fighting
  1417 | D:1      | Reached XP level 3. HP: 20/20 MP: 10/10
  1859 | D:2      | Reached XP level 4. HP: 26/26 MP: 11/11
  1892 | D:2      | Found a bloodstained altar of Trog.
  2233 | D:3      | Noticed Jessica
  2238 | D:3      | Killed Jessica
  2244 | D:3      | Reached XP level 5. HP: 31/31 MP: 10/13
  2413 | D:3      | Noticed Natasha
  2419 | D:3      | Killed Natasha
  2439 | D:3      | Noticed an orc warrior
  2452 | D:3      | Killed from afar by an orc priest

Illustrated notes

Levels and vault maps discovered:
D:1:      dpeg_arrival_court, layout_basic
D:2:      layout_rooms, general_overflow_altar
D:3:      layout_basic, nemelex_altar_shiori, nicolae_overflow_hidden_temple,
          portal_sewer_entry_c, chequers_mini_garden,
          nemelex_spade_bored_becter, uniq_jessica, uniq_natasha

Skill      XL: |  1  2  3  4  5 |
---------------+----------------+-----
Fighting       | 1 2 3 |  3.0
Spellcasting   | 4 |  4.5
Earth Magic    | 4 |  4.3
Dodging        | |  2.4
Stealth        | |  2.4
Transmutations | |  1.1

Action                   |  1- 3 |  4- 6 || total
-------------------------+-------+-------++-------
Melee: Spear             |    42 |       ||    42
       Dagger            |    36 |    22 ||    58
 Cast: Sandblast         |    23 |    13 ||    36
 Stab: Sleeping          |    11 |     1 ||    12
Armor: Robe              |    14 |     8 ||    22
Dodge: Dodged            |    54 |    19 ||    73

Table legend: (Time is in decaauts)
 A = Elapsed time spent in this place.
 B = Non-inter-level travel time spent in this place.
 C = Inter-level travel time spent in this place.
 D = Time resting spent in this place.
 E = Time spent auto-exploring this place.
 F = Levels seen in this place.
 G = Mean time per level.
                   A        B        C        D        E       F      G
               +--------+--------+--------+--------+--------+-----+--------+
         Total |   2454 |   2403 |     51 |    202 |   1833 |   3 |  818.0 |
       Dungeon |   2454 |   2403 |     51 |    202 |   1833 |   3 |  818.0 |
               +--------+--------+--------+--------+--------+-----+--------+

Top non-repeatable levels by time:
     D:1: 1492 daAuts
     D:2: 669 daAuts
     D:3: 291 daAuts
